 Dungeon Crawl Stone Soup version 0.30-a0-305-g026cb31310 (webtiles) character file.

Game seed: 6253010839718254895

649 greenreed the Poker (level 7, -11/48 (56) HPs)
             Began as a Gnoll Reaver on Oct 21, 2022.
             Mangled by an orc wizard
             ... wielding a +1 dagger of electrocution
              (17 damage)
             ... on level 6 of the Dungeon.
             The game lasted 00:11:01 (5206 turns).

greenreed the Poker (Gnoll Reaver)                  Turns: 5206, Time: 00:11:02

HP:   -11/48 (56)   AC:  6    Str: 13    XL:     7   Next: 53%
MP:   15/15         EV: 13    Int: 13    God:
Gold: 228           SH:  0    Dex: 10    Spells: 14/17 levels left

rFire   . . .      SeeInvis .    w - +0 spear (vamp)
rCold   + . .      Faith    .    (no shield)
rNeg    . . .      Spirit   .    b - +0 leather armour
rPois   .          Reflect  .    s - +2 helmet
rElec   .          Harm     .    d - scarf {+Inv}
rCorr   .          Rampage  .    (no gloves)
Will    .....                    (no boots)
Stlth   ++........               (no amulet)
HPRegen 0.28/turn                o - ring of protection from cold
MPRegen 0.14/turn                (no ring)

@: heavily drained
A: fangs 1, strong nose, distributed training
a: Evoke Invisibility


You were on level 6 of the Dungeon.
You visited 1 branch of the dungeon, and saw 6 of its levels.

You collected 228 gold pieces.

Inventory:

Hand Weapons
 a - a +0 spear
 r - a +4 vorpal halberd
 w - a +0 vampiric spear (weapon)
Missiles
 l - 4 poisoned darts
 z - 3 throwing nets
Armour
 b - a +0 leather armour (worn)
 d - a scarf of invisibility (worn)
 s - a +2 helmet (worn)
Jewellery
 o - a ring of protection from cold (left hand)
 v - an amulet of faith
 x - an amulet of guardian spirit
Scrolls
 e - 3 scrolls of silence {unknown}
 f - 3 scrolls of blinking
 g - 5 scrolls of identify
 m - 2 scrolls of amnesia {unknown}
 n - a scroll of vulnerability {unknown}
 p - 3 scrolls of teleportation {unknown}
 t - a scroll of fog {unknown}
 u - a scroll of noise {unknown}
 y - a scroll of fear {unknown}
Potions
 c - a potion of might {unknown}
 h - 4 potions of mutation {unknown}
 i - 3 potions of brilliance {unknown}
 j - 2 potions of heal wounds {unknown}
 k - a potion of resistance {unknown}
 q - a potion of haste {unknown}
 A - a potion of degeneration {unknown}


   Skills:
 + Level 5.3 Fighting
 + Level 2.6 Short Blades
 + Level 2.6 Long Blades
 + Level 2.6 Axes
 + Level 2.6 Maces & Flails
 + Level 7.1 Polearms
 + Level 2.6 Staves
 + Level 2.6 Ranged Weapons
 + Level 2.6 Throwing
 + Level 2.6 Armour
 + Level 5.3 Dodging
 + Level 2.6 Stealth
 + Level 2.6 Shields
 + Level 2.6 Unarmed Combat
 + Level 5.7 Spellcasting
 + Level 5.9 Conjurations
 + Level 2.1 Hexes
 + Level 2.1 Summonings
 + Level 2.1 Necromancy
 + Level 2.1 Translocations
 + Level 2.1 Transmutations
 + Level 2.1 Fire Magic
 + Level 2.1 Ice Magic
 + Level 2.1 Air Magic
 + Level 2.1 Earth Magic
 + Level 2.1 Poison Magic
 + Level 3.0 Invocations
 + Level 2.6 Evocations


You had 14 spell levels left.
You knew the following spells:

 Your Spells              Type           Power      Damage    Failure   Level
a - Kiss of Death         Conj/Necr      56%        2d9       4%          1
b - Momentum Strike       Conj/Tloc      28%        3d8       6%          2

Your spell library contained the following spells:

 Spells                   Type           Power      Damage    Failure   Level
 Hailstorm                Conj/Ice       14%        3d5       13%         3
 Ensorcelled Hibernation  Hex/Ice        18%        N/A       14%         2
 Spider Form              Tmut/Pois      9%         N/A       26%         3
 Anguish                  Hex/Necr       4%         N/A       65%         4


Dungeon Overview and Level Annotations

Branches:
Dungeon (6/15)
 Temple: D:4-7

Altars:
Ashenzari
Hepliaklqana
Okawaru


Innate Abilities, Weirdness & Mutations

You have very sharp teeth.
Your uncanny sense of smell can sniff out nearby items.
Your experience applies equally to all skills.


Message History

You hit the orc.
You feel better.
You kill the orc!
The orc wizard casts a spell.
The orc wizard flickers and vanishes!
Deactivating autopickup; reactivate with Ctrl-A.
Things that are here:
a +0 morningstar; a +0 scale mail; an orc corpse You hit the orc.
The orc is severely wounded.
The orc closely misses you.
You hit the orc.
You kill the orc!
Your Invocations skill increases to level 3!
No target in view!
You see here a +0 mace.
You miss something. Your bite misses something. Something barely misses you.
You closely miss something. You barely miss something. Something hits you.
You hit something. Your bite misses something. Something hits you.
You closely miss something. Something hits you.
You miss something. You closely miss something.
You hear some strange, mumbled words.
A magic dart appears from out of thin air!
The magic dart hits you.
You miss something. Something hits you.
You are electrocuted!
You miss something. Your bite misses something.
Things that are here:
a +0 morningstar; a +0 scale mail; an orc corpse Something hits you but does no damage.
You are electrocuted!
* * * LOW HITPOINT WARNING * * *
Something hits you.
* * * LOW HITPOINT WARNING * * *
As you read the scroll labelled RAARCHUONTA, it crumbles to dust.
It is a scroll of identify.
f - 3 scrolls of blinking Something hits you.
* * * LOW HITPOINT WARNING * * *
You are electrocuted!
You die...

####.....### #.#
#.# #.....# #.# #.#
#.....# #.# #.#
#.....# #.# #.#
#.....#####.# #.#
#........(..# #)#
#.###############)#
#.# #.........# #.#
#@######### #.# #.#
#.# #.# #.# #.# #.#
#.#### #.# #....#
#.# ####.#
#.##########.#
#............#


There were no monsters in sight!

Vanquished Creatures
  An ogre (D:5)
  Blork the orc (D:4)
  A scorpion (D:5)
  A gnoll sergeant (D:4)
  A howler monkey (D:4)
  A gnoll bouda (D:5)
  An iguana (D:4)
  An orc wizard (D:3)
  Robin (D:4)
  7 adders
  13 gnolls
  A shadow imp (D:6)
  A worm (D:3)
  A dart slug (D:2)
  12 orcs
  11 endoplasms
  4 giant cockroaches
  15 goblins
  8 hobgoblins
  5 quokkas
  12 ball pythons
  2 bats
  2 kobolds
  5 rats
108 creatures vanquished.

Vanquished Creatures (others)
  A black bear (D:5)
  An ogre (D:5)
  An iguana (D:4)
  A gnoll (D:5)
  An adder (D:2)
  An orc (D:3)
  A goblin (D:3)
  3 plants (D:3)
10 creatures vanquished.

Grand Total: 118 creatures vanquished

Notes
Turn   | Place    | Note
-------+----------+-------------------------------------------
     0 | D:1      | greenreed the Gnoll Reaver began the quest for the Orb.
     0 | D:1      | Reached XP level 1. HP: 20/20 MP: 6/6
   195 | D:1      | Reached XP level 2. HP: 25/26 MP: 7/7
   198 | D:1      | Learned a level 2 spell: Momentum Strike
   877 | D:2      | Reached skill level 5 in Spellcasting
   877 | D:2      | Reached XP level 3. HP: 29/31 MP: 7/9
   959 | D:2      | Reached skill level 1 in Invocations
  1066 | D:2      | Reached skill level 1 in Short Blades
  1066 | D:2      | Reached skill level 1 in Long Blades
  1066 | D:2      | Reached skill level 1 in Axes
  1066 | D:2      | Reached skill level 1 in Maces & Flails
  1066 | D:2      | Reached skill level 1 in Staves
  1066 | D:2      | Reached skill level 1 in Ranged Weapons
  1066 | D:2      | Reached skill level 1 in Throwing
  1066 | D:2      | Reached skill level 1 in Armour
  1066 | D:2      | Reached skill level 1 in Stealth
  1066 | D:2      | Reached skill level 1 in Shields
  1066 | D:2      | Reached skill level 1 in Unarmed Combat
  1066 | D:2      | Reached skill level 1 in Evocations
  1373 | D:2      | Reached XP level 4. HP: 15/38 MP: 3/11
  1764 | D:3      | Found a hazy altar of Hepliaklqana.
  1864 | D:3      | Reached skill level 1 in Hexes
  1864 | D:3      | Reached skill level 1 in Summonings
  1864 | D:3      | Reached skill level 1 in Necromancy
  1864 | D:3      | Reached skill level 1 in Translocations
  1864 | D:3      | Reached skill level 1 in Transmutations
  1864 | D:3      | Reached skill level 1 in Fire Magic
  1864 | D:3      | Reached skill level 1 in Ice Magic
  1864 | D:3      | Reached skill level 1 in Air Magic
  1864 | D:3      | Reached skill level 1 in Earth Magic
  1864 | D:3      | Reached skill level 1 in Poison Magic
  2137 | D:3      | Reached XP level 5. HP: 20/43 MP: 9/12
  2918 | D:4      | Found a broken altar of Ashenzari.
  3128 | D:4      | Reached XP level 6. HP: 34/50 MP: 13/13
  3266 | D:4      | Noticed Blork the orc
  3278 | D:4      | Killed Blork the orc
  3279 | D:4      | Reached skill level 5 in Fighting
  3279 | D:4      | Reached skill level 5 in Dodging
  3353 | D:4      | Noticed Robin
  3596 | D:4      | Killed Robin
  3833 | D:5      | Entered Level 5 of the Dungeon
  3911 | D:4      | Reached skill level 7 in Polearms
  3911 | D:4      | Reached XP level 7. HP: 16/39 MP: 10/15
  4971 | D:5      | Found an iron altar of Okawaru.
  5206 | D:6      | Mangled by an orc wizard

Illustrated notes

Levels and vault maps discovered:
D:1:      amcnicky_arrival_choice, layout_basic,
          nicolae_kite_square_tiling_tiny, kennysheep_boxes
D:2:      layout_basic, chequers_serial_rivers_room_b
D:3:      layout_loops_corners, nicolae_hepliaklqana_hazy_memory
D:4:      layout_loops_ring, ashenzari_altar_1, uniq_robin, uniq_blork_the_orc
D:5:      layout_loops_ring, kennysheep_okawaru_gauntlet, minmay_misc_feat_five
D:6:      layout_basic, nicolae_wu_jian_wuxing_cycle,
          mainiacjoe_overflow_chevrons, mainiacjoe_overflow_cross_hatched,
          serial_shops, shop

Skill      XL: |  1  2  3  4  5  6  7 |
---------------+----------------------+-----
Spellcasting   | 5 |  5.7
Invocations    | 1 2 3 |  3.0
Short Blades   | 1 2 |  2.6
Long Blades    | 1 2 |  2.6
Axes           | 1 2 |  2.6
Maces & Flails | 1 2 |  2.6
Staves         | 1 2 |  2.6
Ranged Weapons | 1 2 |  2.6
Throwing       | 1 2 |  2.6
Armour         | 1 2 |  2.6
Stealth        | 1 2 |  2.6
Shields        | 1 2 |  2.6
Unarmed Combat | 1 2 |  2.6
Evocations     | 1 2 |  2.6
Hexes          | 1 2 |  2.1
Summonings     | 1 2 |  2.1
Necromancy     | 1 2 |  2.1
Translocations | 1 2 |  2.1
Transmutations | 1 2 |  2.1
Fire Magic     | 1 2 |  2.1
Ice Magic      | 1 2 |  2.1
Air Magic      | 1 2 |  2.1
Earth Magic    | 1 2 |  2.1
Poison Magic   | 1 2 |  2.1
Fighting       | 5 |  5.3
Dodging        | 5 |  5.3
Polearms       | 7 |  7.1
Conjurations   | |  5.9

Action                   |  1- 3 |  4- 6 |  7- 9 || total
-------------------------+-------+-------+-------++-------
Melee: Spear             |   118 |   152 |   246 ||   516
       Bite              |     9 |    10 |    29 ||    48
       Punch             |     1 |     2 |     4 ||     7
       Halberd           |       |    48 |     1 ||    49
 Cast: Momentum Strike   |     3 |     8 |     6 ||    17
       Kiss of Death     |       |     4 |       ||     4
  Use: Scroll            |       |       |     1 ||     1
 Stab: Sleeping          |     2 |     5 |     1 ||     8
       Distracted        |       |       |     1 ||     1
Armor: Leather armour    |    10 |    30 |    34 ||    74
Dodge: Dodged            |    37 |    97 |   106 ||   240

Table legend: (Time is in decaauts)
 A = Elapsed time spent in this place.
 B = Non-inter-level travel time spent in this place.
 C = Inter-level travel time spent in this place.
 D = Time resting spent in this place.
 E = Time spent auto-exploring this place.
 F = Levels seen in this place.
 G = Mean time per level.
                   A        B        C        D        E       F      G
               +--------+--------+--------+--------+--------+-----+--------+
         Total |   5095 |   4933 |    162 |    281 |   3720 |   6 |  849.2 |
       Dungeon |   5095 |   4933 |    162 |    281 |   3720 |   6 |  849.2 |
               +--------+--------+--------+--------+--------+-----+--------+

Top non-repeatable levels by time:
     D:3: 1255 daAuts
     D:5: 1072 daAuts
     D:4: 1051 daAuts
     D:1: 857 daAuts
     D:2: 714 daAuts
     D:6: 144 daAuts
